 Dungeon Crawl Stone Soup version 0.31-a0-361-g0f8bd3a31e (webtiles) character file.

Game seed: 9740403755425738461

66 BritishOli the Trooper (level 3, -1/29 HPs)
             Began as a Demonspawn Fighter on July 27, 2023.
             Slain by a gnoll
             ... wielding a +0 halberd
              (13 damage)
             ... on level 2 of the Dungeon.
             The game lasted 00:00:56 (1607 turns).

BritishOli the Trooper (Demonspawn Fighter)         Turns: 1607, Time: 00:00:57

Health: -1/29      AC:  6    Str: 18    XL:     3   Next: 96%
Magic:  3/3        EV:  9    Int:  9    God:
Gold:   50         SH:  4    Dex: 12    Spells: 2/2 levels left

rFire   . . .        a - +0 war axe
rCold   . . .        c - +0 buckler
rNeg    . . .        b - +0 scale mail
rPois   .            (no helmet)
rElec   .            (no cloak)
rCorr   .            (no gloves)
SInv    .            (no boots)
Will    .....        (no amulet) Stlth
                     (no ring)
HPRegen 0.24/turn    (no ring)
MPRegen 0.08/turn

%: no passive effects
@: no status effects
A: demonic touch 1
a: no special abilities


You were on level 2 of the Dungeon.
You visited 1 branch of the dungeon, and saw 2 of its levels.

You collected 50 gold pieces.

Inventory:

Hand Weapons
 a - a +0 war axe (weapon)
Armour
 b - a +0 scale mail (worn)
 c - a +0 buckler (worn)
Scrolls
 f - a scroll of blinking {unknown}
 g - a scroll of revelation {unknown}
Potions
 d - a potion of might
 e - 2 potions of curing {unknown}
 h - a potion of haste {unknown}
 i - a potion of mutation {unknown}


   Skills:
 + Level 3.5 Fighting
 + Level 2.4 Axes
 + Level 3.2 Armour
 + Level 3.2 Shields


You had 2 spell levels left.
You didn't know any spells.
Your spell library was empty.

Dungeon Overview and Level Annotations

Branches:
Dungeon (2/15)

Altars:
Xom


Innate Abilities, Weirdness & Mutations

Your touch may inflict minor irresistible damage on your foes.


Message History

You slash the hobgoblin!
You kill the hobgoblin!
Found a stone staircase leading down.
Things that are here:
4 javelins; a +0 ring mail; a hobgoblin corpse No target in view!
There is a stone staircase leading down here.
A gnoll comes into view. It is wielding a +0 halberd.
The gnoll shouts!
You hear a shout!
A gnoll comes into view. It is wielding a +0 flail.
There are monsters nearby!
There are monsters nearby!
There are monsters nearby!
A gnoll comes into view. It is wielding a +0 flail.
The gnoll hits you but does no damage.
There are monsters nearby!
There are monsters nearby!
You closely miss the gnoll. The gnoll barely misses you.
There are monsters nearby!
You closely miss the gnoll. You hit the gnoll.
The gnoll is moderately wounded.
You barely miss the gnoll. The gnoll hits you with a +0 halberd!
The gnoll barely misses you. The gnoll closely misses you.
The gnoll barely misses you.
There are monsters nearby!
There are monsters nearby!
You completely miss the gnoll.
The gnoll is moderately wounded.
You hit the gnoll. The gnoll hits you with a +0 halberd!
The gnoll hits you with a +0 flail.
There are monsters nearby!
You are too injured to fight recklessly!
There are monsters nearby!
There are monsters nearby!
You are too injured to fight recklessly!
Unknown command.
The gnoll attacks as you move away! The gnoll hits you but does no damage.
The gnoll hits you from afar with a +0 halberd!
You die...

.#.##...# #..#
.#.##.#######..###
##...............#
#..#..######....#
#......>.....#..#
#.##.......#....#
#.##...###.##.#.## ###
##......# #..#....######
#..
..###...###..#..@......#
#.#
#.###........##...####.#
##.#
#...(.....##.....gg.#
#...
#####..#########.#g....
...# #..# #.#.......
..... ..#....... ######
####....... .......
.......


You could see 3 gnolls.

Vanquished Creatures
  2 adders (D:2)
  2 dart slugs
  3 ball pythons
  4 endoplasms (D:1)
  2 giant cockroaches
  6 goblins (D:1)
  2 hobgoblins
  6 jackals (D:1)
  A quokka (D:2)
  4 bats
  A frilled lizard (D:2)
  4 kobolds
  3 rats (D:1)
40 creatures vanquished.

Notes
Turn   | Place    | Note
-------+----------+-------------------------------------------
     0 | D:1      | BritishOli the Demonspawn Fighter began the quest for the
                  | Orb.
     0 | D:1      | Reached XP level 1. HP: 18/18 MP: 1/1
   392 | D:1      | Gained mutation: Your touch may inflict minor irresistible
                  | damage on your foes. [demonic ancestry]
   392 | D:1      | Reached XP level 2. HP: 24/24 MP: 2/2
   862 | D:1      | Reached XP level 3. HP: 14/29 MP: 3/3
  1326 | D:2      | Found a shimmering altar of Xom.
  1607 | D:2      | Slain by a gnoll

Illustrated notes

Levels and vault maps discovered:
D:1:      dpeg_cavernosity, layout_loops_corners, minmay_strange_pillars
D:2:      layout_loops_ring, basic_altar, lexackson_kobold_supper, uniq_natasha

Skill      XL: |  1  2 |
---------------+-------+-----
Axes           | 2 |  2.4
Armour         | 3 |  3.2
Shields        | 3 |  3.2
Fighting       | |  3.5

Action                     || total
---------------------------++-------
  Melee: War axe           ||   120
 Armour: Scale mail        ||    77
  Dodge: Dodged            ||    62
  Block: Buckler           ||    31

Table legend: (Time is in decaauts)
 A = Elapsed time spent in this place.
 B = Non-inter-level travel time spent in this place.
 C = Inter-level travel time spent in this place.
 D = Time resting spent in this place.
 E = Time spent auto-exploring this place.
 F = Levels seen in this place.
 G = Mean time per level.
                   A        B        C        D        E       F      G
               +--------+--------+--------+--------+--------+-----+--------+
         Total |   1658 |   1616 |     42 |     60 |   1276 |   2 |  829.0 |
       Dungeon |   1658 |   1616 |     42 |     60 |   1276 |   2 |  829.0 |
               +--------+--------+--------+--------+--------+-----+--------+

Top non-repeatable levels by time:
     D:1: 1320 daAuts
     D:2: 338 daAuts
